3108 views
Uploaded 2020-04-19 16:31:06
Game version 1.32.3
5:37 long 2on2 ladder game on (6)GnollWood
Saved by zebroni
3108 views
Uploaded 2020-04-19 16:31:06
Game version 1.32.3
5:37 long 2on2 ladder game on (6)GnollWood
20 units @ 2.4k
/ 0.2k
13 buildings @ 2.2k
/ 0.5k

| Rod of Necromancy | 1 | 150 |
| Dust of Appearance | 1 | 75 |
| Healing Salve | 1 | 100 |
| total: | 3 | 325g |
| Acolyte | 2 | 150 | / | 0 |
| Ghoul | 1 | 120 | / | 0 |
| Crypt Fiend | 4 | 860 | / | 160 |
| Peon | 11 | 825 | / | 0 |
| Grunt | 2 | 400 | / | 0 |
| total: | 20 | 2355g | / | 160w |
| Crypt | 1 | 200 | / | 50 |
| Graveyard | 1 | 215 | / | 0 |
| Altar of Darkness | 1 | 180 | / | 50 |
| Ziggurat | 3 | 450 | / | 150 |
| Tomb of Relics | 1 | 130 | / | 30 |
| Halls of the Dead | 1 | 320 | / | 210 |
| Altar of Storms | 1 | 180 | / | 50 |
| Orc Burrow | 2 | 320 | / | 80 |
| Barracks | 2 | 360 | / | 100 |
| Voodoo Lounge | 1 | 130 | / | 30 |
| total: | 13 | 2165g | / | 540w |
| 0:03 | Acolyte |
| 0:03 | Acolyte |
| 0:07 | Crypt |
| 0:15 | Peon |
| 0:15 | Peon |
| 0:21 | Graveyard |
| 0:30 | Altar of Storms |
| 0:44 | Altar of Darkness |
| 0:47 | Orc Burrow |
| 0:48 | Peon |
| 0:53 | Peon |
| 0:58 | Barracks |
| 0:59 | Peon |
| 1:03 | Ziggurat |
| 1:14 | Peon |
| 1:15 | Peon |
| 1:18 | Ghoul |
| 1:23 | Tomb of Relics |
| 1:49 | Orc Burrow |
| 1:50 | Peon |
| 1:50 | Peon |
| 2:03 | Crypt Fiend |
| 2:06 | Ziggurat |
| 2:15 | Grunt |
| 2:20 | Voodoo Lounge |
| 2:29 | Barracks |
| 2:38 | Endurance Aura |
| 2:42 | Peon |
| 2:42 | Peon |
| 2:52 | Crypt Fiend |
| 3:01 | Death Coil |
| 3:03 | Rod of Necromancy |
| 3:40 | Healing Salve |
| 3:48 | Crypt Fiend |
| 3:50 | Halls of the Dead |
| 4:13 | Grunt |
| 4:51 | Crypt Fiend |
| 4:53 | Ziggurat |
| 5:02 | Dust of Appearance |
30 units @ 3.6k
/ 0.3k
14 buildings @ 2.4k
/ 0.7k

| Wisp | 14 | 840 | / | 0 |
| Huntress | 6 | 1170 | / | 120 |
| total: | 20 | 2010g | / | 120w |
| Altar of Elders | 1 | 180 | / | 50 |
| Moon Well | 3 | 540 | / | 120 |
| Ancient of War | 2 | 300 | / | 120 |
| Hunter's Hall | 1 | 210 | / | 100 |
| total: | 7 | 1230g | / | 390w |
| 0:03 | Wisp |
| 0:03 | Wisp |
| 0:10 | Altar of Elders |
| 0:19 | Moon Well |
| 0:27 | Wisp |
| 0:32 | Wisp |
| 0:47 | Wisp |
| 0:47 | Wisp |
| 0:54 | Wisp |
| 0:57 | Wisp |
| 0:57 | Wisp |
| 1:14 | Wisp |
| 1:56 | Ancient of War |
| 1:59 | Hunter's Hall |
| 2:11 | Moon Well |
| 2:16 | Entangling Roots |
| 2:19 | Wisp |
| 2:19 | Wisp |
| 2:33 | Ancient of War |
| 2:52 | Wisp |
| 2:54 | Moon Well |
| 3:09 | Wisp |
| 3:14 | Huntress |
| 3:35 | Huntress |
| 3:54 | Huntress |
| 4:02 | Ultravision |
| 4:20 | Huntress |
| 4:44 | Huntress |
| 4:58 | Huntress |

| Rod of Necromancy | 1 | 150 |
| total: | 1 | 150g |
| Acolyte | 2 | 150 | / | 0 |
| Ghoul | 3 | 360 | / | 0 |
| Crypt Fiend | 5 | 1075 | / | 200 |
| total: | 10 | 1585g | / | 200w |
| Nerubian Tower | 1 | 100 | / | 20 |
| Altar of Darkness | 1 | 180 | / | 50 |
| Ziggurat | 3 | 450 | / | 150 |
| Crypt | 1 | 200 | / | 50 |
| Graveyard | 1 | 215 | / | 0 |
| Tomb of Relics | 1 | 130 | / | 30 |
| Halls of the Dead | 2 | 640 | / | 420 |
| total: | 7 | 1175g | / | 280w |
| 0:01 | Acolyte |
| 0:01 | Acolyte |
| 0:07 | Altar of Darkness |
| 0:09 | Ziggurat |
| 0:20 | Crypt |
| 0:48 | Graveyard |
| 1:01 | Tomb of Relics |
| 1:21 | Ghoul |
| 1:21 | Ghoul |
| 1:26 | Ghoul |
| 1:42 | Ziggurat |
| 2:07 | Rod of Necromancy |
| 2:08 | Death Coil |
| 2:15 | Nerubian Tower |
| 2:27 | Crypt Fiend |
| 2:27 | Crypt Fiend |
| 3:01 | Halls of the Dead |
| 3:42 | Crypt Fiend |
| 3:55 | Crypt Fiend |
| 5:09 | Crypt Fiend |
| 5:13 | Ziggurat |